 Dungeon Crawl Stone Soup version 0.22.1-1-ga44c0e56f4 (webtiles) character file.

673 Jynx the Changer (level 7, 0/51 HPs)
             Began as an Octopode Transmuter on Nov 5, 2018.
             Was an Initiate of Ashenzari.
             Slain by a killer bee (2 damage)
             ... on level 5 of the Dungeon.
             The game lasted 00:11:25 (5674 turns).

Jynx the Changer (Octopode Transmuter)              Turns: 5674, Time: 00:11:26

Health: 0/51       AC:  5    Str: 10    XL:     7   Next: 59%
Magic:  10/13      EV: 10    Int: 15    God:    Ashenzari [......]
Gold:   173        SH:  0    Dex: 17    Spells: 4/14 levels left

rFire    . . .     SeeInvis .     - Unarmed
rCold    + + +     Gourm    +   (shield currently unavailable)
rNeg     . . .     Faith    .   (helmet currently unavailable)
rPois    +         Spirit   .   p - amulet of the gourmand
rElec    +         Reflect  .   q - +3 ring of dexterity
rCorr    +         Harm     .   (no ring)
MR       .....                  (no ring)
Stlth    ++........             (no ring)
HPRegen  0.17/turn              (no ring)
MPRegen  0.13/turn              (no ring)
                                (no ring)
                                (no ring)

@: ice-form, resistant
A: large, almost no armour, stealthy swim, amphibious, 8 rings, (constrict 8)
a: End Transformation, Curse Item, Renounce Religion


You were on level 5 of the Dungeon.
You worshipped Ashenzari.
Ashenzari was noncommittal.
You were not hungry.
You were a creature of crystalline ice.
You visited 2 branches of the dungeon, and saw 6 of its levels.

You collected 173 gold pieces.

Inventory:

Missiles
 a - 105 arrows
Armour
 i - a +0 shield
Jewellery
 p - an amulet of the gourmand (around neck)
 q - a +3 ring of dexterity (left front paw)
 u - a +3 ring of evasion
Wands
 l - a wand of iceblast (8)
Scrolls
 d - 7 scrolls of identify
 e - 3 scrolls of teleportation {unknown}
 f - a scroll of amnesia {unknown}
 g - 2 scrolls of enchant weapon {unknown}
 h - 3 scrolls of fog {unknown}
 k - a scroll of remove curse
Potions
 j - a potion of might {unknown}
 m - a potion of degeneration {unknown}
 n - a potion of lignification {unknown}
 r - a potion of heal wounds {unknown}
 s - a potion of cancellation {unknown}
 t - a potion of haste {unknown}
Comestibles
 c - 7 rations


   Skills:
 - Level 1.0 Fighting
 - Level 2.0 Dodging
 + Level 4.8 Unarmed Combat
 + Level 4.0 Spellcasting
 * Level 5.9 Transmutations
 + Level 1.4 Ice Magic


You had 4 spell levels left.
You knew the following spells:

 Your Spells              Type           Power        Failure   Level  Hunger
a - Beastly Appendage     Tmut           ###...       1%          1    None
b - Sticks to Snakes      Tmut           ###.....     2%          2    ##.....
c - Spider Form           Tmut/Pois      ##........   16%         3    ###....
d - Ice Form              Ice/Tmut       ##......     36%         4    ####...

Your spell library contained the following spells:

 Spells                   Type           Power        Failure   Level  Hunger
 Blade Hands              Tmut           ###.......   41%         5    ######.


Dungeon Overview and Level Annotations

Branches:
Dungeon (5/15)             Temple (1/1) D:4

Altars:
Ashenzari
Dithmenos
Elyvilon
Fedhas
Gozag
Makhleb
Nemelex Xobeh
Okawaru
Qazlal
Ru
Trog
Uskayaw
Wu Jian
Xom
Yredelemnul
Zin
The Shining One


Innate Abilities, Weirdness & Mutations

You cannot wear most types of armour.
You are very stealthy in the water. (Stealth+)
You are amphibious.
You can wear up to eight rings at the same time.
((You can use your tentacles to constrict eight enemies at once.))
((Your skin changes colour to match your surroundings (Stealth+).))
((Your rubbery body absorbs attacks. (AC +1, EV +1)))


Message History

You are too injured to fight recklessly!
You are too injured to fight recklessly!
You hit the killer bee. You freeze the killer bee.
The killer bee is severely wounded.
You feel sick. The killer bee stings you. The killer bee misses you.
You closely miss the killer bee.
The killer bee is severely wounded.
You feel sick. The killer bee stings you.
* * * LOW HITPOINT WARNING * * *
You are lethally poisoned!
The killer bee poisons you!
The orc wizard mumbles some strange words.
The orc wizard blinks!
You feel better. The killer bee barely misses you. The killer bee stings you!
* * * LOW HITPOINT WARNING * * *
You feel protected. The killer bee stings you!
* * * LOW HITPOINT WARNING * * *
The killer bee stings you.
You die...

#######
......y##########
......yyyY......#
......ยง########.#
....... #.#
.....##########.#
...o. #........#
.... #.######.#
... #)# ... #[#
#.#


You could see 4 killer bees.

Vanquished Creatures
  A sky beast (D:4)
  A phantom (D:4)
  A killer bee (D:5)
  An orc priest (D:4)
  An orc wizard (D:4)
  A centaur skeleton (D:4)
  Natasha (thrice) (D:3)
  A worker ant (D:4)
  A hound skeleton (D:4)
  6 adders
  8 gnolls
  An adder skeleton (D:4)
  A worm (D:4)
  2 dart slugs
  3 leopard geckos
  14 orcs
  5 giant cockroaches
  9 goblins
  9 hobgoblins
  7 jackals
  2 quokkas
  4 bats
  5 frilled lizards
  8 kobolds
  A quokka skeleton (D:4)
  10 rats
106 creatures vanquished.

Notes
Turn   | Place    | Note
-------+----------+-------------------------------------------
     0 | D:1      | Jynx the Octopode Transmuter began the quest for the Orb.
     0 | D:1      | Reached XP level 1. HP: 13/13 MP: 3/3
   359 | D:1      | Reached XP level 2. HP: 15/18 MP: 3/5
   807 | D:1      | Reached XP level 3. HP: 1/23 MP: 4/6
  1410 | D:1      | Reached skill level 3 in Transmutations
  1859 | D:2      | Found a sparkling altar of Nemelex Xobeh.
  1868 | D:2      | Found an opulent altar of Gozag.
  1952 | D:2      | Reached XP level 4. HP: 21/28 MP: 5/7
  1971 | D:2      | Found an iron altar of Okawaru.
  2483 | D:2      | Found a glowing golden altar of the Shining One.
  2620 | D:2      | Learned a level 2 spell: Sticks to Snakes
  2624 | D:2      | Learned a level 3 spell: Spider Form
  2787 | D:3      | Reached XP level 5. HP: 25/33 MP: 9/9
  3020 | D:3      | Found a glowing silver altar of Zin.
  3206 | D:3      | Found a blossoming altar of Fedhas.
  3206 | D:3      | Found an ornate altar of the Wu Jian Council.
  3222 | D:3      | Noticed Natasha
  3233 | D:3      | Killed Natasha
  3233 | D:3      | Reached skill level 4 in Transmutations
  3410 | D:3      | Noticed Natasha
  3414 | D:3      | Found a faded altar of an unknown god.
  3417 | D:3      | Killed Natasha
  3618 | D:3      | Noticed Natasha
  3624 | D:3      | Killed Natasha
  3761 | D:4      | HP: 1/33 [gnoll/spear (12)]
  3765 | D:4      | Reached XP level 6. HP: 1/38 MP: 7/10
  4189 | D:4      | Noticed a sky beast
  4228 | D:4      | Killed a sky beast
  4228 | D:4      | Reached skill level 5 in Transmutations
  4676 | D:4      | Found a staircase to the Ecumenical Temple.
  4798 | D:4      | Learned a level 4 spell: Ice Form
  4820 | D:4      | Reached XP level 7. HP: 43/43 MP: 8/12
  4956 | Temple   | Entered the Ecumenical Temple
  4984 | Temple   | Became a worshipper of Ashenzari the Shackled
  5107 | D:4      | Reached skill level 1 in Ice Magic
  5559 | D:5      | Entered Level 5 of the Dungeon
  5674 | D:5      | HP: 2/51 [killer bee (7)]
  5674 | D:5      | Slain by a killer bee

Skill      XL: |  1  2  3  4  5  6  7 |
---------------+----------------------+-----
Transmutations | 3 4 5 |  5.9
Spellcasting   | 3 4 |  4.0
Unarmed Combat | 4 |  4.8
Ice Magic      | 1 |  1.4
Fighting       | |  1.0
Dodging        | |  2.0

Action                   |  1- 3 |  4- 6 |  7- 9 || total
-------------------------+-------+-------+-------++-------
Melee: Unarmed           |    77 |   147 |    58 ||   282
       Constrict         |    23 |    24 |     4 ||    51
       Kick              |    15 |    24 |     8 ||    47
       Tentacles         |     5 |    10 |     5 ||    20
       Punch             |     1 |     3 |       ||     4
 Cast: Beastly Appendage |    27 |    21 |     5 ||    53
       Spider Form       |       |    11 |     1 ||    12
       Ice Form          |       |       |     2 ||     2
  Use: Scroll            |     1 |     1 |     1 ||     3
       Potion            |       |     1 |     2 ||     3
 Stab: Sleeping          |     9 |       |       ||     9
  Eat: Chunk             |     4 |    10 |     9 ||    23
Armor: Skin              |     3 |     4 |     8 ||    15
Dodge: Dodged            |    36 |   106 |    37 ||   179
